 Dungeon Crawl Stone Soup version 0.25-a0-834-g55863b0b92 (webtiles) character file.

Game seed: 17593214445075352402, levelgen mode: deterministic

16 Maedhros the Charlatan (level 2, -2/18 HPs)
             Began as an Octopode Artificer on Apr 23, 2020.
             Slain by a rat (3 damage)
             ... on level 1 of the Dungeon.
             The game lasted 00:00:26 (417 turns).

Maedhros the Charlatan (Octopode Artificer)          Turns: 417, Time: 00:00:27

Health: -2/18      AC:  1    Str: 11    XL:     2   Next: 58%
Magic:  4/4        EV: 13    Int: 13    God:
Gold:   6          SH:  0    Dex: 12    Spells: 1/1 levels left

rFire    . . .     SeeInvis .   a - +0 short sword
rCold    . . .     Gourm    .   (no shield)
rNeg     . . .     Faith    .   (helmet restricted)
rPois    .         Spirit   .   (no amulet)
rElec    .         Reflect  .   (no ring)
rCorr    .         Harm     .   (no ring)
MR       .....                  (no ring)
Stlth    +++.......             (no ring)
HPRegen  0.06/turn              (no ring)
MPRegen  0.09/turn              (no ring)
                                (no ring)
                                (no ring)

@: no status effects
A: almost no armour, stealthy swim, amphibious, 8 rings, constrict 8, camouflage
1, gelatinous body 1
a: no special abilities


You were on level 1 of the Dungeon.
You were not hungry.

You visited 1 branch of the dungeon, and saw 1 of its levels.

You collected 6 gold pieces.

Inventory:

Hand Weapons
 a - a +0 short sword (weapon)
Missiles
 e - 15 stones (quivered)
Wands
 b - a wand of flame (13)
 c - a wand of enslavement (15)
 d - a wand of random effects (15)
Scrolls
 h - a scroll of identify {unknown}
Potions
 g - a potion of berserk rage {unknown}
 i - a potion of curing {unknown}
Comestibles
 f - 2 rations


   Skills:
 - Level 1.0 Fighting
 - Level 1.0 Short Blades
 - Level 2.0 Dodging
 + Level 2.1 Stealth
 * Level 1.3 Unarmed Combat
 + Level 3.5 Evocations


You had one spell level left.
You didn't know any spells.
Your spell library was empty.

Dungeon Overview and Level Annotations

Branches:
Dungeon (1/15)

Altars:


Innate Abilities, Weirdness & Mutations

You cannot wear most types of armour.
You are very stealthy in the water. (Stealth+)
You are amphibious.
You can wear up to eight rings at the same time.
You can use your tentacles to constrict eight enemies at once.
Your skin changes colour to match your surroundings (Stealth+).
Your rubbery body absorbs attacks. (AC +1, EV +1)


Message History

You hit the hobgoblin. You grab the hobgoblin.
The hobgoblin is moderately wounded.
You constrict the hobgoblin, but do no damage.
The rat bites you.
* * * LOW HITPOINT WARNING * * *
The hobgoblin completely misses you.
You are too injured to fight recklessly!
Unknown command.
You release your grip on the hobgoblin.
You closely miss the rat. Your grab misses the rat. The rat barely misses you.
You closely miss the rat. Your grab misses the rat. The rat bites you.
* * * LOW HITPOINT WARNING * * *
Evoke which item? (* to show all) (? for menu, Esc to quit)
Aiming: Throw Flame
Press: ? - help, Shift-Dir - straight line, f - rat
Aim: a rat The puff of flame misses the rat.
The puff of flame hits the hobgoblin.
You kill the hobgoblin!
The rat bites you.
You die...

...##..#
#.#.#.....####
...##..# #.
#.#.#.....'.#
#'###..# .#
#.#.#####.#.#
..###..# .. #.#.#
#.#.#
P...#..########.
#.#.. ..#.#
♣.....♣.........##
#.#########.##
♣≈♣....########..###
.......'.<# ≈≈≈..♣##
#....# .#####.#.##
≈≈♣..♣# #@# #.#.#
≈♣..P.##########r#
#.#.#
≈..P#............#
#.#.#
..P############..#
#.+.# ...# #....#
#.### #+## .....# #.
##.#..# #.#..#
#.#...


You could see a rat.

Vanquished Creatures
  A leopard gecko (D:1)
  A bat (D:1)
  A giant cockroach (D:1)
  2 goblins (D:1)
  2 hobgoblins (D:1)
  3 jackals (D:1)
  A kobold (D:1)
  A rat (D:1)
12 creatures vanquished.

Notes
Turn   | Place    | Note
-------+----------+-------------------------------------------
     0 | D:1      | Maedhros the Octopode Artificer began the quest for the
                  | Orb.
     0 | D:1      | Reached XP level 1. HP: 13/13 MP: 3/3
   314 | D:1      | Reached skill level 1 in Unarmed Combat
   314 | D:1      | Reached XP level 2. HP: 13/18 MP: 4/4
   417 | D:1      | Slain by a rat

Levels and vault maps discovered:
D:1:      minmay_arrival_three_doors, layout_basic, serial_bayou,
          serial_bayou_shore_a, serial_bayou_pond_a, serial_bayou_shore_b,
          serial_bayou_lagoon_a

Skill      XL: |  1  2 |
---------------+-------+-----
Unarmed Combat | 1 |  1.3
Stealth        | 2 |  2.1
Fighting       | |  1.0
Short Blades   | |  1.0
Dodging        | |  2.0
Evocations     | |  3.5

Action                   || total
-------------------------++-------
Melee: Short sword       ||    34
       Constrict         ||     6
       Tentacles         ||     2
       Punch             ||     1
Evoke: Wand              ||     2
 Stab: Sleeping          ||     1
Armor: Skin              ||     6
Dodge: Dodged            ||    35

Table legend:
 A = Non-vault XP
 B = Vault XP
 C = Vault XP percentage of total XP
 D = Non-vault monster count
 E = Vault monster count
 F = Vault count percentage of total count
                 A         B        C        D         E       F
            +---------+---------+-------+---------+---------+-------
      Total |      24 |       0 |   0.0 |      12 |       0 |   0.0
            +---------+---------+-------+---------+---------+-------
        D:1 |      24 |       0 |   0.0 |      12 |       0 |   0.0
            +---------+---------+-------+---------+---------+-------
